 Dungeon Crawl Stone Soup version 0.31-a0-193-gdfe2569204 (webtiles) character file.

Game seed: 15415238923811407557

369 qw the Skirmisher (level 6, -1/35 HPs)
             Began as a Deep Elf Hunter on June 23, 2023.
             Succumbed to an orc's poison
             ... on level 4 of the Dungeon.
             The game lasted 00:01:16 (3038 turns).

qw the Skirmisher (Deep Elf Hunter)                 Turns: 3038, Time: 00:01:17

Health: -1/35      AC:  8    Str: 10    XL:     6   Next: 41%
Magic:  8/8        EV: 11    Int: 14    God:
Gold:   49         SH:  0    Dex: 18    Spells: 5/5 levels left

rFire   . . .        Y - +0 shortbow
rCold   . . .        (shield currently unavailable)
rNeg    . . .        d - +0 ring mail
rPois   .            (no helmet)
rElec   .            h - +2 cloak {Stlth+}
rCorr   .            (no gloves)
SInv    .            (no boots)
Will    .....        (no amulet)
Stlth   ++           (no ring)
HPRegen 0.25/turn    (no ring)
MPRegen 0.11/turn

%: no passive effects
@: lethally poisoned (-1 -> -22), about to teleport
A: no striking features
a: no special abilities


You were on level 4 of the Dungeon.
You visited 1 branch of the dungeon, and saw 5 of its levels.

You collected 251 gold pieces.
You spent 202 gold pieces at shops.


   Skills:
 - Level 2.2 Fighting
 + Level 9.8 Ranged Weapons
 - Level 2.4 Dodging
 - Level 1.2 Stealth


You had 5 spell levels left.
You didn't know any spells.
Your spell library was empty.

Inventory:

Hand Weapons
 Y - a +0 shortbow (weapon)
Armour
 d - a +0 ring mail (worn)
 h - a +2 cloak of stealth (worn)
Wands
 c - a wand of digging (8)
Scrolls
 a - 2 scrolls of teleportation
 f - a scroll of identify
Potions
 i - a potion of curing {unknown}

Dungeon Overview and Level Annotations

Branches:
Dungeon (5/15)
 Temple: D:4-7

Altars:
Uskayaw

Shops:
D:4 [


Message History

3032 ||| STAIRDANCE You feel sick.
The orc hits you with a +0 mace. The orc closely misses you.
The orc hits you but does no damage.
You are more poisoned.
The scorpion stings you.
You climb upwards.
You feel very sick.
There is a stone staircase leading down here.
Enter note:
Enter note:
Enter note:
Enter note:
Enter note:
Enter note: You shoot an arrow.
The arrow hits the scorpion but does no damage.
You feel very sick. The orc closely misses you. The orc barely misses you. x2
The scorpion barely misses you.
You shoot an arrow. The arrow hits the scorpion.
The scorpion is moderately wounded.
You feel sick. The scorpion closely misses you. The orc barely misses you.
The orc hits you with a +0 falchion. The orc closely misses you.
The scorpion misses you.
You shoot an arrow. The arrow closely misses the scorpion.
You feel sick. The orc hits you but does no damage. x2
You are lethally poisoned!
The orc hits you with a +0 falchion. The scorpion stings you.
The orc misses you. The orc closely misses you.
The orc hits you with a +0 falchion.
3037 ||| READING 3 scrolls of teleportation.
As you read the scroll of teleportation, it crumbles to dust.
You feel strangely unstable.
You feel very sick. The scorpion barely misses you.
The orc hits you but does no damage.
You are more poisoned.
The orc closely misses you. The orc completely misses you.
You shoot an arrow. The arrow hits the scorpion.
The scorpion is moderately wounded.
You die...

#.....##########.......# #.
#.##### #./.%...# #. #.#
#.#...#.# #.
#####.##############.#####.###
#. .....................# #...#
#. #####...........####.# #.#.#
## #####.#.##..# #.#####.#.#
########.#.##.o## #.......#.##
##.........))..o@# #..........##
....##########)so###.....<##...#
......(.......)...<......#######
....###.........).##.##.## ##\##
.#.##
#.######.#..##.##.#####'### .#.#
#.# #..#................. ...#
#.# #.##..##.##.......... .###
#.# #.##..##.##.####..### .# #.#
#.##........# #..#


You could see a scorpion and 3 orcs.

Vanquished Creatures
  2 jellies
  An orc priest (D:4)
  2 hounds (D:4)
  Jessica (D:2)
  2 orc wizards (D:4)
  4 adders
  2 worms
  A dart slug (D:2)
  16 orcs
  6 endoplasms
  6 giant cockroaches
  6 goblins
  9 hobgoblins
  4 quokkas
  5 ball pythons
  2 bats
  3 frilled lizards
  5 kobolds
  11 rats
88 creatures vanquished.

Notes
Turn   | Place    | Note
-------+----------+-------------------------------------------
     0 | D:1      | qw the Deep Elf Hunter began the quest for the Orb.
     0 | D:1      | Reached XP level 1. HP: 12/12 MP: 3/3
     0 | D:1      | 0 ||| qw: Version: 0.3-a-9-g12657ce
     0 | D:1      | 0 ||| qw: Game counter: 4616
     0 | D:1      | 0 ||| qw: Always use a shield: true
     0 | D:1      | 0 ||| qw: God list: Okawaru
     0 | D:1      | 0 ||| qw: Allow faded altars: false
     0 | D:1      | 0 ||| qw: Do Orc after D:15 true
     0 | D:1      | 0 ||| qw: Do second Lair branch before Depths: true
     0 | D:1      | 0 ||| qw: Lair rune preference: random
     0 | D:1      | 0 ||| qw: Plans: Normal
     0 | D:1      | 0 ||| PLANNING D:1-11
    92 | D:1      | Reached XP level 2. HP: 16/16 MP: 4/4
   106 | D:1      | Reached skill level 6 in Ranged Weapons
   579 | D:1      | 579 ||| UPGRADING to +0 ring mail.
   589 | D:1      | 589 ||| DROPPING +0 leather armour.
   590 | D:1      | 590 ||| READING 3 scrolls labelled OCIDOTUM VUJIF.
   593 | D:1      | 593 ||| READING scroll labelled ZEMMOA FUVOMA.
   594 | D:1      | 594 ||| READING scroll labelled WUCROXK RAMA.
   595 | D:1      | 595 ||| READING scroll labelled NESY DUPROESM.
   596 | D:1      | 596 ||| DROPPING scroll of butterflies.
   623 | D:2      | Found a faded altar of an unknown god.
   648 | D:2      | 648 ||| FLEEEEING.
   649 | D:2      | 649 ||| FLEEEEING.
   651 | D:2      | 651 ||| FLEEEEING.
   668 | D:2      | 668 ||| FLEEEEING.
   713 | D:2      | Found a hide-covered altar of Uskayaw.
   816 | D:2      | Reached XP level 3. HP: 20/20 MP: 5/5
   849 | D:2      | Reached skill level 7 in Ranged Weapons
  1050 | D:2      | Noticed Jessica
  1056 | D:2      | Killed Jessica
  1057 | D:2      | Reached XP level 4. HP: 10/25 MP: 6/6
  1377 | D:2      | 1377 ||| READING scroll labelled YSEUNL XU ONK.
  1378 | D:2      | 1378 ||| READING scroll labelled LEYRGH YCHOGGIU.
  1636 | D:3      | Reached skill level 8 in Ranged Weapons
  1771 | D:3      | 1771 ||| FLEEEEING.
  1772 | D:3      | 1772 ||| FLEEEEING.
  1773 | D:3      | 1773 ||| FLEEEEING.
  1774 | D:3      | 1774 ||| FLEEEEING.
  1775 | D:3      | 1775 ||| FLEEEEING.
  1776 | D:3      | 1776 ||| FLEEEEING.
  1777 | D:3      | 1777 ||| FLEEEEING.
  1778 | D:3      | 1778 ||| FLEEEEING.
  1779 | D:3      | 1779 ||| FLEEEEING.
  1786 | D:3      | 1786 ||| FLEEEEING.
  1787 | D:3      | 1787 ||| FLEEEEING.
  1788 | D:3      | 1788 ||| FLEEEEING.
  1789 | D:3      | 1789 ||| FLEEEEING.
  1790 | D:3      | 1790 ||| FLEEEEING.
  1791 | D:3      | 1791 ||| FLEEEEING.
  1792 | D:3      | 1792 ||| FLEEEEING.
  1793 | D:3      | 1793 ||| FLEEEEING.
  1798 | D:3      | 1798 ||| FLEEEEING.
  2043 | D:3      | 2043 ||| READING scroll labelled CICAUCEELU.
  2044 | D:3      | 2044 ||| READING scroll labelled GAMESTRIYLY.
  2155 | D:4      | Reached XP level 5. HP: 19/29 MP: 7/7
  2270 | D:4      | Reached skill level 9 in Ranged Weapons
  2420 | D:4      | 2420 ||| FLEEEEING.
  2425 | D:4      | 2425 ||| FLEEEEING.
  2427 | D:4      | 2427 ||| FLEEEEING.
  2428 | D:4      | 2428 ||| FLEEEEING.
  2429 | D:4      | 2429 ||| FLEEEEING.
  2430 | D:4      | 2430 ||| FLEEEEING.
  2431 | D:4      | 2431 ||| FLEEEEING.
  2432 | D:4      | 2432 ||| FLEEEEING.
  2433 | D:4      | 2433 ||| FLEEEEING.
  2434 | D:4      | 2434 ||| FLEEEEING.
  2435 | D:4      | 2435 ||| FLEEEEING.
  2436 | D:4      | 2436 ||| FLEEEEING.
  2437 | D:4      | 2437 ||| FLEEEEING.
  2438 | D:4      | 2438 ||| FLEEEEING.
  2439 | D:4      | 2439 ||| FLEEEEING.
  2440 | D:4      | 2440 ||| FLEEEEING.
  2441 | D:4      | 2441 ||| FLEEEEING.
  2442 | D:4      | 2442 ||| FLEEEEING.
  2547 | D:4      | Reached XP level 6. HP: 35/35 MP: 8/8
  2551 | D:4      | Found Foqoaqu Tur's Antique Armour Shop.
  2555 | D:4      | 2555 ||| SHOPLISTING brightly glowing helmet (256 gold,
                  | have 222).
  2555 | D:4      | 2555 ||| BUYING glowing cloak (202 gold).
  2555 | D:4      | Bought a glowing cloak for 202 gold pieces
  2555 | D:4      | 2555 ||| SHOPLISTING glowing cloak (202 gold, have 20).
  2555 | D:4      | 2555 ||| SHOPLISTING glowing leather armour (135 gold, have
                  | 20).
  2555 | D:4      | 2555 ||| SHOPLISTING helmet (121 gold, have 20).
  2799 | D:4      | 2799 ||| UPGRADING to +2 cloak of stealth.
  2804 | D:4      | 2804 ||| READING 4 scrolls of identify.
  2804 | D:4      | 2804 ||| IDENTIFYING golden potion
  2805 | D:4      | 2805 ||| READING 3 scrolls of identify.
  2805 | D:4      | 2805 ||| IDENTIFYING fizzy orange potion
  2806 | D:4      | 2806 ||| READING 2 scrolls of identify.
  2806 | D:4      | 2806 ||| IDENTIFYING coppery potion
  2807 | D:4      | 2807 ||| DROPPING potion of attraction.
  2808 | D:4      | 2808 ||| DROPPING potion of ambrosia.
  2849 | D:5      | Entered Level 5 of the Dungeon
  2850 | D:5      | 2850 ||| STAIRDANCE
  2957 | D:5      | 2957 ||| STAIRDANCE
  2963 | D:4      | HP: 8/35 [orc/+0 war axe (7)]
  2964 | D:4      | 2964 ||| READING 4 scrolls of teleportation.
  2965 | D:4      | 2965 ||| DRINKING potion of heal wounds.
  3032 | D:5      | 3032 ||| STAIRDANCE
  3036 | D:4      | HP: 8/35 [scorpion (2)]
  3037 | D:4      | 3037 ||| READING 3 scrolls of teleportation.
  3037 | D:4      | HP: 3/35 [poisoned by an orc]
  3038 | D:4      | Succumbed to an orc's poison

Levels and vault maps discovered:
D:1:      shiori_arrival_maze, layout_loops_ring
D:2:      kennysheep_six_static_rooms, layout_loops_ring,
          hellmonk_ecumenical_altar_leap_of_faith, basic_altar, uniq_jessica
D:3:      layout_rooms, hangedman_glass_teeth, minmay_tree_intersection
D:4:      layout_loops_ring, serial_shops, nicolae_shop_window_shopping
D:5:      layout_rooms, xom_teletrap_fun, minmay_temple_entry_enclosed_plants,
          uniq_menkaure

Skill      XL: |  1  2  3  4  5 |
---------------+----------------+-----
Ranged Weapons | 6 7 8 9 |  9.8
Fighting       | 2 |  2.2
Dodging        | |  2.4
Stealth        | |  1.2

Action                     |  1- 3 |  4- 6 || total
---------------------------+-------+-------++-------
   Fire: Shortbow          |    93 |   166 ||   259
    Use: Scroll            |     4 |     9 ||    13
         Potion            |       |     1 ||     1
 Armour: Leather armour    |     2 |       ||     2
         Ring mail         |     6 |    34 ||    40
  Dodge: Dodged            |    12 |    49 ||    61

Table legend:
 A = Non-vault XP
 B = Vault XP
 C = Vault XP percentage of total XP
 D = Non-vault monster count
 E = Vault monster count
 F = Vault count percentage of total count
                 A         B        C        D         E       F
            +---------+---------+-------+---------+---------+-------
      Total |     466 |      62 |  11.7 |      79 |       9 |  10.2
            +---------+---------+-------+---------+---------+-------
        D:1 |      23 |       2 |   8.0 |      16 |       2 |  11.1
        D:2 |      39 |      60 |  60.6 |      20 |       7 |  25.9
        D:3 |      47 |       0 |   0.0 |      13 |       0 |   0.0
        D:4 |     308 |       0 |   0.0 |      28 |       0 |   0.0
        D:5 |      49 |       0 |   0.0 |       2 |       0 |   0.0
            +---------+---------+-------+---------+---------+-------
